[Event "November 21 Late 2023"]
[Site "https://www.chess.com"]
[Date "2023.11.21"]
[Round "8"]
[White "Feliz Dotel, Dewar Bienvenido"]
[Black "Bugayev, Vladimir"]
[Result "1/2-1/2"]
[Board "105"]
[TimeControl "180+1"]
[WhiteFideId "6402801"]
[BlackFideId "30901480"]
[WhiteElo "2069"]
[BlackElo "2369"]
[WhiteTeam "DOM"]
[BlackTeam "USA"]
[WhiteClock "0:00:02"]
[BlackClock "0:00:43"]

1. d4 Nf6 2. e3 g6 3. Nf3 Bg7 4. Be2 c5 5. c4 O-O 6. O-O cxd4 7. Nxd4 Nc6 8. a3 d5 9. cxd5 Nxd5 10. Nxc6 bxc6 11. Qc2 Qc7 12. Bd2 Rb8 13. Nc3 Be6 14. Rac1 Qb7 15. b4 Nf6 16. Na4 Bf5 17. Qxc6 Ne4 18. Qxb7 Rxb7 19. Bc3 Nxc3 20. Nxc3 Rd8 21. Na4 Rd2 22. Nc5 Rb6 23. Bf3 Bb2 24. Rcd1 Rxd1 25. Rxd1 Bxa3 26. g4 Bxb4 27. Na4 Ra6 28. gxf5 Rxa4 29. fxg6 hxg6 30. Rd8+ Kg7 31. Rd7 a5 32. Ra7 Ra2 33. Bc6 Be1 34. Kf1 Bxf2 35. Bd5 Rb2 36. Rxe7 Bxe3 37. Rxe3 Rxh2 38. Re7 Rd2 39. Bc4 Rd4 40. Bb3 Rf4+ 41. Kg2 g5 42. Kg3 a4 43. Ba2 Kg6 44. Ra7 f6 45. Bf7+ Kh6 46. Ba2 Kg6 47. Bf7+ Kh6 48. Be6 Kg6 49. Bf7+ 1/2-1/2

[Event "November 21 Late 2023"]
[Site "https://www.chess.com"]
[Date "2023.11.21"]
[Round "8"]
[White "Jelcic, Marko"]
[Black "Romero Ruscalleda, Josep"]
[Result "0-1"]
[Board "106"]
[TimeControl "180+1"]
[WhiteFideId "14406489"]
[BlackFideId "2231859"]
[WhiteElo "2156"]
[BlackElo "2183"]
[WhiteTeam "BIH"]
[BlackTeam "ESP"]
[WhiteClock "0:00:02"]
[BlackClock "0:00:29"]

1. d4 g6 2. c4 Bg7 3. Nc3 d6 4. e4 Nc6 5. Be3 e5 6. Nf3 exd4 7. Nxd4 Nge7 8. Be2 O-O 9. O-O f5 10. exf5 Bxd4 11. Bxd4 Nxf5 12. Be3 Nxe3 13. fxe3 Be6 14. Nd5 Ne5 15. Qd4 c6 16. Rxf8+ Kxf8 17. Rf1+ Kg7 18. Nf6 b6 19. Ne4 c5 20. Qc3 Qe7 21. Rd1 Rd8 22. Nxd6 Bg8 23. Ne4 Rxd1+ 24. Bxd1 Bxc4 25. b3 Bd3 26. Nf2 Qf6 27. Qd2 Bf5 28. e4 Be6 29. Bc2 h5 30. h3 Bc8 31. a4 Ba6 32. b4 c4 33. b5 Bb7 34. Qb4 Qf8 35. Qc3 Qc5 36. Kf1 Kf6 37. Nd1 Ke6 38. Ne3 Qf8+ 39. Kg1 Qf4 40. Kh1 Qf2 41. Kh2 Nf3+ 42. Kh1 Qg1# 0-1

[Event "November 21 Late 2023"]
[Site "https://www.chess.com"]
[Date "2023.11.21"]
[Round "8"]
[White "ExchangeAB"]
[Black "Lopez, Nelson M, Ii"]
[Result "0-1"]
[Board "107"]
[TimeControl "180+1"]
[BlackFideId "2027895"]
[WhiteElo "2470"]
[BlackElo "2271"]
[BlackTeam "USA"]
[WhiteClock "0:00:11"]
[BlackClock "0:00:10"]

1. Nf3 Nc6 2. e3 e5 3. d4 e4 4. Nfd2 Nf6 5. c4 Bb4 6. a3 Bxd2+ 7. Bxd2 O-O 8. Nc3 d6 9. b4 Bf5 10. b5 Ne7 11. a4 Qd7 12. Qb3 Ng6 13. a5 a6 14. h3 axb5 15. cxb5 d5 16. a6 bxa6 17. bxa6 Rfb8 18. Qa4 Qxa4 19. Rxa4 Bd7 20. Ra2 Nh4 21. Kd1 Rb6 22. Kc2 Bc8 23. g3 Nf3 24. Be2 Bxa6 25. Rha1 Bd3+ 26. Bxd3 exd3+ 27. Kxd3 Rxa2 28. Rxa2 g6 29. h4 Rb3 30. Kc2 Rb7 31. Kd1 h5 32. Ke2 Nxd2 33. Rxd2 Rb3 34. Rc2 Kf8 35. f3 Ke7 36. Na4 Kd6 37. Nc5 Ra3 38. Nb7+ Kd7 39. Nc5+ Kd6 40. Nd3 Nd7 41. e4 c6 42. e5+ Kc7 43. Nb4 c5 44. dxc5 Nxe5 45. Nxd5+ Kc6 46. Ne3 Nd3 47. f4 Nxc5 48. Nc4 Rxg3 49. Ne5+ Kd5 50. Kf2 Ne4+ 51. Kf1 Rh3 52. Nxf7 Rf3+ 53. Kg2 Rxf4 54. Ng5 Nxg5 55. hxg5 Rg4+ 56. Kh3 Rxg5 57. Kh4 Rg4+ 58. Kh3 Ke4 59. Ra2 Kf5 60. Ra5+ Kf6 61. Ra6+ Kg5 62. Ra5+ Kh6 63. Rb5 Rc4 64. Ra5 Rc6 65. Rb5 g5 66. Ra5 Rf6 67. Rb5 Kg6 68. Ra5 h4 69. Rb5 Rf3+ 70. Kg2 Rg3+ 71. Kh2 Kh5 72. Rb8 Rc3 73. Rb4 Rc5 74. Ra4 g4 75. Kg2 Rc2+ 76. Kg1 h3 77. Ra8 Kh4 78. Ra3 g3 79. Ra4+ Kg5 80. Ra5+ Kf6 81. Ra6+ Ke5 82. Ra5+ Kf4 83. Ra4+ Ke5 84. Ra5+ Kd6 85. Ra6+ Rc6 86. Ra1 Rc2 87. Ra6+ Kc5 88. Ra5+ Kb4 89. Ra1 Kb3 90. Rb1+ Kc3 91. Ra1 Kd2 92. Kh1 Rc1+ 93. Rxc1 Kxc1 94. Kg1 Kd2 95. Kh1 Ke3 96. Kg1 Kf3 97. Kh1 g2+ 98. Kg1 Ke2 99. Kh2 Kf1 100. Kxh3 g1=Q 101. Kh4 Kf2 102. Kh5 Qg7 103. Kh4 Qg6 104. Kh3 Qg3# 0-1

[Event "November 21 Late 2023"]
[Site "https://www.chess.com"]
[Date "2023.11.21"]
[Round "8"]
[White "Urbina Perez, Juan Antonio"]
[Black "Awoki, Daniel Teidi"]
[Result "1-0"]
[Board "108"]
[TimeControl "180+1"]
[WhiteFideId "2217368"]
[BlackFideId "2100827"]
[WhiteElo "2185"]
[BlackElo "2077"]
[WhiteTeam "ESP"]
[BlackTeam "BRA"]
[WhiteClock "0:01:27"]
[BlackClock "0:00:09"]

1. e4 Nf6 2. e5 Nd5 3. Nc3 Nxc3 4. dxc3 d6 5. exd6 Qxd6 6. Be3 Qxd1+ 7. Rxd1 Bf5 8. Bd3 Bxd3 9. cxd3 e5 10. Nf3 Nc6 11. d4 exd4 12. Nxd4 Nxd4 13. Bxd4 O-O-O 14. O-O f6 15. Rfe1 Bd6 16. g3 a6 17. Kf1 Rhe8 18. Rd2 Rxe1+ 19. Kxe1 Re8+ 20. Re2 Rxe2+ 21. Kxe2 Kd7 22. Kd3 Ke6 23. Ke4 f5+ 24. Kd3 g5 25. c4 h5 26. c5 Be7 27. Kc4 c6 28. b4 h4 29. gxh4 gxh4 30. h3 Bg5 31. f3 Bf4 32. a4 Bg3 33. Be3 Be1 34. Bg5 Ke5 35. b5 axb5+ 36. axb5 Bf2 37. Bd2 Bg3 38. Be3 Bf4 39. Bf2 Bg5 40. Be1 Kf4 41. Bd2+ Kxf3 42. Bxg5 Kg3 43. bxc6 bxc6 44. Kd3 Kxh3 45. Ke3 Kg4 46. Bf4 Kh3 47. Kf2 Kg4 48. Bh2 f4 49. Bg1 Kh3 50. Kf1 Kg3 51. Bf2+ Kg4 52. Kg2 h3+ 53. Kh2 Kf3 54. Bh4 Kg4 55. Be1 Kf3 56. Kxh3 Ke2 57. Bh4 f3 58. Kg4 f2 59. Bxf2 Kxf2 60. Kf4 Ke2 61. Ke5 Kd3 62. Kd6 Kd4 63. Kxc6 Ke5 64. Kd7 1-0

[Event "November 21 Late 2023"]
[Site "https://www.chess.com"]
[Date "2023.11.21"]
[Round "8"]
[White "Su, Dion"]
[Black "Tsiolakidis, Anastasios"]
[Result "1/2-1/2"]
[Board "109"]
[TimeControl "180+1"]
[WhiteFideId "2029731"]
[BlackFideId "4201477"]
[WhiteElo "2382"]
[BlackElo "2269"]
[WhiteTeam "USA"]
[BlackTeam "GRE"]
[WhiteClock "0:00:07"]
[BlackClock "0:00:16"]

1. e4 c5 2. Nf3 d5 3. exd5 Nf6 4. Nc3 Nxd5 5. Bc4 e6 6. O-O Nc6 7. a4 Be7 8. Re1 O-O 9. h3 b6 10. d3 Bb7 11. Ne4 Qc7 12. c3 Rad8 13. Qc2 Rfe8 14. Ng3 Nf4 15. Bxf4 Qxf4 16. Re4 Qc7 17. Rae1 Na5 18. Rg4 Nxc4 19. dxc4 Qc6 20. Nh5 g6 21. Qc1 e5 22. Nxe5 Qd6 23. Qf4 f5 24. Rg3 Bf6 25. Nxg6 Rxe1+ 26. Kh2 Qxf4 27. Ngxf4+ Kf7 28. Nxf6 Kxf6 29. Nh5+ Ke5 30. Rg7 Bc6 31. Re7+ Kd6 32. Rxe1 Bxa4 33. Ra1 b5 34. cxb5 Bxb5 35. Rxa7 Be8 36. Nf4 Ke5 37. g3 Ke4 38. Kg2 Rd7 39. Rxd7 Bxd7 40. b4 cxb4 41. cxb4 Bc6 42. Kf1 Kd4 43. Ne6+ Kc4 44. Ng7 Be4 45. Ke2 Kxb4 46. Ke3 Bg2 47. h4 Bh3 48. Kf4 Kc5 49. Nxf5 Kd5 50. Kg5 Ke5 51. Ne3 Ke4 52. Ng4 Kf3 53. Nf6 Kxf2 54. g4 Kg3 55. Nxh7 Bxg4 56. Nf6 Be2 57. Ne4+ Kg2 58. Nf6 Kg3 59. Nh7 Bf3 60. Nf8 Be2 61. Ne6 Bf3 62. Nd4 Bd1 63. Nf5+ Kh3 64. Nh6 Kg3 65. Nf5+ Kh3 66. Ne3 Be2 67. Nd5 Bf3 68. Nf4+ Kg3 69. Ng6 Kh3 70. Ne5 Be2 71. h5 Bxh5 1/2-1/2

[Event "November 21 Late 2023"]
[Site "https://www.chess.com"]
[Date "2023.11.21"]
[Round "8"]
[White "Curtis, John"]
[Black "Akhayan, Ruben"]
[Result "1-0"]
[Board "110"]
[TimeControl "180+1"]
[WhiteFideId "3200256"]
[BlackFideId "204439"]
[WhiteElo "2203"]
[BlackElo "2141"]
[WhiteTeam "AUS"]
[BlackTeam "BEL"]
[WhiteClock "0:01:39"]
[BlackClock "0:02:01"]

1. d4 Nf6 2. c4 g6 3. Nc3 d5 4. cxd5 Nxd5 5. e4 Nxc3 6. bxc3 Bg7 7. Bc4 O-O 8. Ne2 c5 9. Be3 Nc6 10. O-O Qc7 11. Rc1 Rd8 12. Qe1 Qa5 13. e5 cxd4 14. cxd4 Qxe1 15. Rfxe1 Bf5 16. Ng3 Nxd4 17. Bxd4 Rxd4 18. Nxf5 gxf5 19. e6 Rc8 20. exf7+ Kf8 21. Be6 Rxc1 22. Rxc1 Bh6 23. Rc8+ 1-0

[Event "November 21 Late 2023"]
[Site "https://www.chess.com"]
[Date "2023.11.21"]
[Round "8"]
[White "seasidesunset"]
[Black "Gallegos Diaz, Carlos Alberto"]
[Result "0-1"]
[Board "111"]
[TimeControl "180+1"]
[BlackFideId "3900886"]
[WhiteElo "2185"]
[BlackElo "2362"]
[BlackTeam "VEN"]
[WhiteClock "0:00:00"]
[BlackClock "0:00:37"]

1. e4 g6 2. Bc4 c6 3. Qf3 d5 4. exd5 Nf6 5. Nc3 Bg7 6. h3 O-O 7. Nge2 b5 8. Bb3 b4 9. dxc6 bxc3 10. dxc3 Qc7 11. Ba4 Ba6 12. Bf4 e5 13. Bg3 Nh5 14. Bh2 Qe7 15. O-O-O e4 16. Qe3 Be5 17. g4 Nf6 18. f4 exf3 19. Bxe5 fxe2 20. Rde1 Re8 21. c7 Qxe5 22. cxb8=Q Qxe3+ 23. Kb1 Raxb8 0-1

[Event "November 21 Late 2023"]
[Site "https://www.chess.com"]
[Date "2023.11.21"]
[Round "8"]
[White "kinghunter183"]
[Black "Szente Varga, Fruzsina"]
[Result "1-0"]
[Board "112"]
[TimeControl "180+1"]
[BlackFideId "712264"]
[WhiteElo "2158"]
[BlackElo "1994"]
[BlackTeam "HUN"]
[WhiteClock "0:00:07"]
[BlackClock "0:01:40"]

1. c4 Nf6 2. b3 g6 3. Bb2 Bg7 4. Nf3 O-O 5. e3 d5 6. d4 c6 7. Nc3 Bg4 8. Be2 Nbd7 9. O-O Bxf3 10. Bxf3 e5 11. dxe5 Nxe5 12. cxd5 Nxf3+ 13. Qxf3 Nxd5 14. Rac1 Nxc3 15. Bxc3 Bxc3 16. Rxc3 Qd2 17. Rfc1 Qxa2 18. h3 Rad8 19. b4 Rd2 20. Rc5 Rfd8 21. b5 cxb5 22. Rxb5 b6 23. Rbb1 Qe6 24. Rc7 a5 25. Rxb6 Rd1+ 26. Kh2 Qe5+ 27. Qf4 Qxf4+ 28. exf4 R8d4 29. Kg3 R1d3+ 30. f3 Rd5 31. Ra7 Rf5 32. Rba6 Rdd5 33. Ra8+ Kg7 34. R8a7 h5 35. Rb7 h4+ 36. Kxh4 Rxf4+ 37. Kg3 Ra4 38. Raa7 Rf5 39. Ra8 Ra2 40. Raa7 a4 41. Rb4 Rg5+ 42. Rg4 Rxg4+ 43. hxg4 Kf6 44. Ra6+ Ke5 45. Ra5+ Kd4 46. Ra7 f5 47. gxf5 gxf5 48. Ra5 a3 49. Rxf5 Kc3 50. Ra5 Ra1 51. f4 Kb2 52. Rb5+ Ka2 53. f5 Rf1 54. Kg4 Ka1 55. Kg5 a2 56. f6 Rb1 57. Ra5 Rb7 58. Kg6 Rb4 59. f7 Rg4+ 60. Kh5 Rf4 61. Kg6 Kb2 62. Kg7 Rg4+ 63. Kh7 Rf4 64. Kg8 Rg4+ 65. Kh7 Rf4 66. Kg7 Rf5 67. Rxf5 a1=Q 68. f8=Q Kb3+ 69. Qf6 Qa7+ 70. Qf7+ Qxf7+ 71. Kxf7 Kc4 72. g4 Kd4 73. g5 Ke4 74. Rf6 Ke5 75. g6 1-0

[Event "November 21 Late 2023"]
[Site "https://www.chess.com"]
[Date "2023.11.21"]
[Round "8"]
[White "Hoffmann, Asa"]
[Black "Oliveira, Tiago Batista"]
[Result "1-0"]
[Board "113"]
[TimeControl "180+1"]
[WhiteFideId "2001470"]
[BlackFideId "2108291"]
[WhiteElo "2117"]
[BlackElo "1962"]
[WhiteTeam "USA"]
[BlackTeam "BRA"]
[WhiteClock "0:00:50"]
[BlackClock "0:00:00"]

1. d4 Nf6 2. Bg5 d5 3. Nd2 e6 4. e3 Nbd7 5. f4 c5 6. c3 Qb6 7. Rb1 Be7 8. Bd3 O-O 9. Ngf3 Re8 10. O-O h6 11. Bh4 Ng4 12. Qe2 cxd4 13. exd4 e5 14. Bxe7 Rxe7 15. fxe5 Ngxe5 16. Kh1 Ng6 17. Qf2 Nf6 18. Bxg6 fxg6 19. Ne5 Bf5 20. Rbe1 Rae8 21. b3 Ne4 22. Nxe4 Bxe4 23. c4 Qe6 24. c5 g5 25. h3 Kh7 26. Kh2 b6 27. b4 bxc5 28. bxc5 Qa6 29. c6 Qa5 30. Rxe4 dxe4 31. Qf5+ Kg8 32. Qxe4 Qc7 33. Re1 Rxe5 34. dxe5 Re6 35. Qd5 Kf8 36. Qxe6 1-0

[Event "November 21 Late 2023"]
[Site "https://www.chess.com"]
[Date "2023.11.21"]
[Round "8"]
[White "Ivanov, Aleksandr"]
[Black "Cooper, Aaron"]
[Result "0-1"]
[Board "114"]
[TimeControl "180+1"]
[WhiteFideId "2092980"]
[BlackFideId "2634945"]
[WhiteElo "2059"]
[BlackElo "2328"]
[WhiteTeam "USA"]
[BlackTeam "CAN"]
[WhiteClock "0:00:11"]
[BlackClock "0:00:20"]

1. d4 d5 2. c4 e6 3. Nc3 Nf6 4. cxd5 exd5 5. Bg5 Nbd7 6. e3 c6 7. Bd3 Be7 8. Nge2 O-O 9. Qc2 Re8 10. O-O Nf8 11. h3 Nh5 12. Bxe7 Qxe7 13. a3 a5 14. Rab1 Qg5 15. Kh2 g6 16. Rg1 Ng7 17. Ng3 h5 18. Rbf1 h4 19. Nge2 Bf5 20. Nf4 Nfe6 21. Nce2 Nxf4 22. Nxf4 Bxd3 23. Nxd3 Nf5 24. Ne5 Qf6 25. Qd1 c5 26. Nd7 Qd6+ 27. Ne5 cxd4 28. exd4 f6 29. f4 fxe5 30. dxe5 Qe6 31. Rf3 Rac8 32. Qd3 Rc4 33. Rgf1 Rec8 34. Qd2 Rc2 35. Qxa5 Rxb2 36. Qa4 Kg7 37. R1f2 Rxf2 38. Rxf2 Rc3 39. Qb4 Qc6 40. Kg1 Rc1+ 41. Rf1 Rxf1+ 42. Kxf1 Ng3+ 43. Kf2 Qc2+ 44. Kf3 Qe2# 0-1

[Event "November 21 Late 2023"]
[Site "https://www.chess.com"]
[Date "2023.11.21"]
[Round "8"]
[White "Desideri, Ricardo Maruchi"]
[Black "Shapiro, Daniel"]
[Result "0-1"]
[Board "115"]
[TimeControl "180+1"]
[WhiteFideId "2110440"]
[BlackFideId "2001780"]
[WhiteElo "1945"]
[BlackElo "2321"]
[WhiteTeam "BRA"]
[BlackTeam "USA"]
[WhiteClock "0:00:11"]
[BlackClock "0:00:32"]

1. e4 c5 2. Nf3 Nc6 3. d4 cxd4 4. Nxd4 Nf6 5. Nc3 d6 6. Be3 e6 7. g4 Nxd4 8. Bxd4 e5 9. Be3 Bxg4 10. f3 Be6 11. Rg1 a6 12. Qd2 d5 13. exd5 Nxd5 14. Nxd5 Qxd5 15. Qf2 g6 16. b3 Bb4+ 17. Bd2 Bxd2+ 18. Qxd2 Qxd2+ 19. Kxd2 Ke7 20. Ke3 f5 21. Bd3 Rac8 22. h4 Kf6 23. a4 Rhd8 24. Rg2 Rc3 25. Rag1 Bxb3 26. Kd2 Rxc2+ 0-1

[Event "November 21 Late 2023"]
[Site "https://www.chess.com"]
[Date "2023.11.21"]
[Round "8"]
[White "rikchessmx"]
[Black "DAVIDHDZSTS"]
[Result "1-0"]
[Board "116"]
[TimeControl "180+1"]
[WhiteElo "2302"]
[BlackElo "1864"]
[WhiteClock "0:00:59"]
[BlackClock "0:00:00"]

1. e4 c5 2. Nf3 e6 3. d4 cxd4 4. Nxd4 a6 5. Nc3 Qc7 6. f4 b5 7. a3 Bb7 8. Bd3 Nc6 9. Nf3 Bc5 10. Qe2 Nd4 11. Nxd4 Bxd4 12. Bd2 Ne7 13. f5 O-O 14. O-O-O Rfc8 15. Rhf1 d5 16. fxe6 fxe6 17. Qg4 dxe4 18. Qxe6+ Kh8 19. Bxe4 Bxe4 20. Qxe4 Bf6 21. Rde1 Ng6 22. Nd5 Qe5 23. Nxf6 gxf6 24. Qxe5 fxe5 25. Bc3 Rc5 26. Rf5 Re8 27. g3 Kg8 28. h4 Rc4 29. h5 Nf8 30. Rg5+ Kf7 31. Bxe5 1-0

[Event "November 21 Late 2023"]
[Site "https://www.chess.com"]
[Date "2023.11.21"]
[Round "8"]
[White "Lutz, Igor Oscar"]
[Black "Vemparala, Nikash"]
[Result "0-1"]
[Board "117"]
[TimeControl "180+1"]
[WhiteFideId "2110806"]
[BlackFideId "30960967"]
[WhiteElo "1764"]
[BlackElo "2069"]
[WhiteTeam "BRA"]
[BlackTeam "USA"]
[WhiteClock "0:00:10"]
[BlackClock "0:00:51"]

1. d4 d5 2. c4 e6 3. Nf3 h6 4. g3 Nf6 5. Bg2 Bd6 6. Nbd2 O-O 7. Qc2 b6 8. e4 dxe4 9. Nxe4 Bb7 10. Nxd6 cxd6 11. O-O Nbd7 12. Bf4 d5 13. Bd6 Re8 14. c5 Rc8 15. b4 Ne4 16. Qa4 Nxd6 17. cxd6 a6 18. Ne5 b5 19. Qb3 Nf6 20. Rac1 Qxd6 21. Rc5 Rxc5 22. bxc5 Qc7 23. Rb1 Nd7 24. Nd3 Nb8 25. a4 Bc6 26. axb5 Bxb5 27. Ne5 Nc6 28. Nxc6 Qxc6 29. Qb4 e5 30. Rd1 exd4 31. Rxd4 Qe6 32. Bf3 Qe1+ 33. Qxe1 Rxe1+ 34. Kg2 Bf1+ 35. Kg1 Bh3# 0-1

[Event "November 21 Late 2023"]
[Site "https://www.chess.com"]
[Date "2023.11.21"]
[Round "8"]
[White "Sarkar, Justin"]
[Black "Herman, Matthew"]
[Result "0-1"]
[Board "118"]
[TimeControl "180+1"]
[WhiteFideId "2010011"]
[BlackFideId "2028964"]
[WhiteElo "2138"]
[BlackElo "2368"]
[WhiteTeam "USA"]
[BlackTeam "USA"]
[WhiteClock "0:00:00"]
[BlackClock "0:01:45"]

1. e4 e5 2. Nf3 Nc6 3. Bb5 a6 4. Ba4 Nf6 5. O-O Be7 6. Re1 b5 7. Bb3 O-O 8. c3 d6 9. h3 Na5 10. Bc2 c5 11. d4 Qc7 12. d5 Nb7 13. Nbd2 Kh8 14. Nf1 Ne8 15. Ng3 g6 16. Bh6 Ng7 17. Nh2 Bd7 18. f4 f6 19. f5 Nd8 20. h4 Nf7 21. Bxg7+ Kxg7 22. fxg6 hxg6 23. h5 Rh8 24. hxg6 Kxg6 25. Nf5 Bxf5 26. exf5+ Kg7 27. Qg4+ Ng5 28. Nf3 Qc8 29. Nxg5 fxg5 30. f6+ Bxf6 31. Bf5 Qe8 32. Rf1 Rh4 33. Qg3 Qh5 0-1

[Event "November 21 Late 2023"]
[Site "https://www.chess.com"]
[Date "2023.11.21"]
[Round "8"]
[White "SergioMoralesG"]
[Black "Quirke, Jeffrey"]
[Result "1-0"]
[Board "119"]
[TimeControl "180+1"]
[BlackFideId "2013029"]
[WhiteElo "2337"]
[BlackElo "2226"]
[BlackTeam "USA"]
[WhiteClock "0:00:07"]
[BlackClock "0:00:00"]

1. d4 Nf6 2. c4 g6 3. Nc3 d5 4. Nf3 Bg7 5. e3 O-O 6. cxd5 Nxd5 7. Bc4 Nxc3 8. bxc3 c5 9. O-O Qc7 10. Qe2 Bg4 11. Rb1 Bxf3 12. gxf3 Nd7 13. f4 b6 14. Ba3 Rac8 15. Rbc1 Nf6 16. Qf3 e6 17. h3 Rfd8 18. Kh2 Qd7 19. Rfd1 Qa4 20. dxc5 Qxa3 21. c6 Qc5 22. Rxd8+ Rxd8 23. Bf1 Ne8 24. Bg2 Nc7 25. Rd1 Rd6 26. Rxd6 Qxd6 27. Qe2 Bxc3 28. Qc2 Bb4 29. Qa4 a5 30. Qb3 Bc5 31. Qb2 Nd5 32. Qb5 Nc7 33. Qb2 Nd5 34. Qb5 Nxf4 35. exf4 Qxf4+ 36. Kh1 Qxf2 37. Qb1 Bd6 38. Qd3 Qg3 39. Kg1 Qh2+ 40. Kf1 Qe5 41. Qd2 Qf4+ 42. Qxf4 Bxf4 43. Ke2 Kf8 44. Kd3 Ke7 45. a4 Kd6 46. Ke4 Bd2 47. Kd3 1-0

[Event "November 21 Late 2023"]
[Site "https://www.chess.com"]
[Date "2023.11.21"]
[Round "8"]
[White "Broca Jimenez, Fernando"]
[Black "Harish, Neeraj"]
[Result "0-1"]
[Board "120"]
[TimeControl "180+1"]
[WhiteFideId "5104742"]
[BlackFideId "30958130"]
[WhiteElo "2062"]
[BlackElo "1866"]
[WhiteTeam "MEX"]
[BlackTeam "USA"]
[WhiteClock "0:00:17"]
[BlackClock "0:00:12"]

1. e4 c5 2. c3 d5 3. d4 dxe4 4. dxc5 Qxd1+ 5. Kxd1 e5 6. b4 a5 7. Bb5+ Bd7 8. Na3 axb4 9. cxb4 Nc6 10. Nc4 Nxb4 11. Bxd7+ Kxd7 12. Nxe5+ Ke6 13. Nc4 Bxc5 14. f3 Nf6 15. Bb2 Rhd8+ 16. Ke2 Nd3 17. Bxf6 Nf4+ 18. Kf1 Kxf6 19. fxe4 Ra4 20. e5+ Ke7 21. Nb2 Re4 22. Nf3 Nd3 23. Nxd3 Rxd3 24. Re1 Ra4 25. Re2 Rd1+ 26. Ne1 Rf4+ 27. Rf2 Rxf2+ 28. Kg1 Rxe1# 0-1

[Event "November 21 Late 2023"]
[Site "https://www.chess.com"]
[Date "2023.11.21"]
[Round "8"]
[White "Castillo Pena, Patricia Evarista"]
[Black "Golubenko, Valentina"]
[Result "1/2-1/2"]
[Board "121"]
[TimeControl "180+1"]
[WhiteFideId "6412106"]
[BlackFideId "4501993"]
[WhiteElo "1861"]
[BlackElo "2126"]
[WhiteTeam "DOM"]
[BlackTeam "CRO"]
[WhiteClock "0:00:15"]
[BlackClock "0:00:06"]

1. d4 Nf6 2. Nf3 c5 3. e3 cxd4 4. exd4 g6 5. c4 Bg7 6. Nc3 O-O 7. Be2 d5 8. cxd5 Nxd5 9. O-O Nc6 10. h3 Bf5 11. Bg5 Ndb4 12. a3 Nc2 13. Rc1 N2xd4 14. Nxd4 Nxd4 15. Bg4 h6 16. Be3 Bxg4 17. Qxg4 Nf5 18. Bf4 Qb6 19. Qe2 e6 20. Rfd1 Rfd8 21. Be5 Bxe5 22. Qxe5 Qxb2 23. Rxd8+ Rxd8 24. Rb1 Qc2 25. Rxb7 Nd4 26. Ne4 Ne2+ 27. Kh2 Qc1 28. Nf6+ Kf8 29. Nh7+ Kg8 30. Nf6+ Kf8 31. Nh7+ Kg8 32. Nf6+ 1/2-1/2

[Event "November 21 Late 2023"]
[Site "https://www.chess.com"]
[Date "2023.11.21"]
[Round "8"]
[White "Pein, Jonathan"]
[Black "Souza, Gustavo Horokoski De"]
[Result "1-0"]
[Board "122"]
[TimeControl "180+1"]
[WhiteFideId "417092"]
[BlackFideId "2146584"]
[WhiteElo "2192"]
[BlackElo "1824"]
[WhiteTeam "ENG"]
[BlackTeam "BRA"]
[WhiteClock "0:01:36"]
[BlackClock "0:00:21"]

1. e4 e6 2. d3 d5 3. Nd2 Nf6 4. Ngf3 Bc5 5. e5 Nfd7 6. d4 Be7 7. c3 c5 8. Bd3 Nc6 9. O-O cxd4 10. cxd4 g5 11. Nb3 g4 12. Ne1 h5 13. f4 gxf3 14. Qxf3 f5 15. exf6 Nxf6 16. Bg5 Rf8 17. Bh6 Rg8 18. Nc2 Kd7 19. Rae1 Kc7 20. Bf4+ Bd6 21. Bxd6+ Qxd6 22. Qxf6 Bd7 23. Na3 Raf8 24. Nb5+ 1-0

[Event "November 21 Late 2023"]
[Site "https://www.chess.com"]
[Date "2023.11.21"]
[Round "8"]
[White "Antonio, Jorge Carlos"]
[Black "katharinareinecke"]
[Result "1-0"]
[Board "123"]
[TimeControl "180+1"]
[WhiteFideId "113190"]
[WhiteElo "2247"]
[BlackElo "1979"]
[WhiteTeam "ARG"]
[WhiteClock "0:00:04"]
[BlackClock "0:00:00"]

1. d4 d5 2. Nf3 Nf6 3. Bf4 e6 4. e3 c5 5. c3 Nc6 6. Bd3 cxd4 7. exd4 Be7 8. Nbd2 O-O 9. Ne5 a6 10. h4 Nxe5 11. dxe5 Nd7 12. Bxh7+ Kxh7 13. Qh5+ Kg8 14. Nf3 f6 15. Ng5 fxg5 16. hxg5 Bxg5 17. Bxg5 Qe8 18. Qh7+ Kf7 19. Bf6 Nxf6 20. exf6 Rg8 21. O-O-O Kxf6 22. Rd3 Ke7 23. Qh4+ Kd7 24. c4 Kc6 25. cxd5+ exd5 26. Kd2 Bf5 27. Rc1+ Kd6 28. Qf4+ Qe5 29. Qb4+ Ke6 30. Re3 Qxe3+ 31. fxe3 Rac8 32. Rxc8 Rxc8 33. Qxb7 Rc2+ 34. Kd1 g6 35. Qxa6+ Ke5 36. Qa7 Rxg2 37. Qb8+ Kf6 38. Qd6+ Kg5 39. a4 Rxb2 40. a5 Rb1+ 41. Kd2 Ra1 42. a6 Ra2+ 43. Kc3 Be4 44. Kb4 Rb2+ 45. Ka5 Ra2+ 46. Kb6 Kf5 47. Qf4+ Ke6 48. a7 Rb2+ 49. Ka5 Ra2+ 50. Kb6 Rb2+ 51. Kc7 Rc2+ 52. Kd8 Ra2 53. Qb8 d4 54. Qb3+ Bd5 55. Qxa2 Bxa2 56. a8=Q dxe3 57. Qe4+ Kd6 58. Qxe3 Bd5 59. Qg5 1-0

[Event "November 21 Late 2023"]
[Site "https://www.chess.com"]
[Date "2023.11.21"]
[Round "8"]
[White "Vargas, Mauricio"]
[Black "Elbebiber"]
[Result "1-0"]
[Board "124"]
[TimeControl "180+1"]
[WhiteFideId "4404572"]
[WhiteElo "1988"]
[BlackElo "2173"]
[WhiteTeam "COL"]
[WhiteClock "0:01:15"]
[BlackClock "0:00:41"]

1. e4 d5 2. e5 Bf5 3. f4 e6 4. Nf3 h6 5. h3 c5 6. d3 Nc6 7. g4 Bh7 8. Bg2 Nge7 9. O-O d4 10. Nbd2 Nd5 11. Ne4 Be7 12. a3 Qc7 13. Qe1 a5 14. Bd2 b6 15. Kh1 Kd7 16. Rb1 f5 17. exf6 gxf6 18. Qe2 h5 19. g5 Nxf4 20. Bxf4 Qxf4 21. Rbe1 Bxe4 22. dxe4 fxg5 23. e5 Qe3 24. Qb5 g4 25. Rxe3 dxe3 26. Ne1 Rac8 27. Rf7 Rhf8 28. Bxc6+ Rxc6 29. Rxe7+ Kxe7 30. Qxc6 Rf1+ 31. Kg2 Rxe1 32. Qd6+ Kf7 33. Qd7+ Kg6 34. Qxe6+ Kg5 35. Qf6# 1-0

[Event "November 21 Late 2023"]
[Site "https://www.chess.com"]
[Date "2023.11.21"]
[Round "8"]
[White "Thake, Conrad"]
[Black "Smirnov, Timofey"]
[Result "1-0"]
[Board "125"]
[TimeControl "180+1"]
[WhiteFideId "5602947"]
[BlackFideId "24176427"]
[WhiteElo "1685"]
[BlackElo "2245"]
[WhiteTeam "MLT"]
[BlackTeam "RUS"]
[WhiteClock "0:00:09"]
[BlackClock "0:00:00"]

1. e4 e5 2. Nf3 Nf6 3. Nc3 Bb4 4. d3 d5 5. exd5 Nxd5 6. Bd2 O-O 7. Ne4 Bxd2+ 8. Qxd2 Nc6 9. O-O-O Bg4 10. Be2 a5 11. h3 Bh5 12. g4 Bg6 13. Nc3 Nf4 14. d4 exd4 15. Nxd4 Nxe2+ 16. Ndxe2 Qh4 17. Qf4 Nb4 18. Nd4 c5 19. Nf5 Qf6 20. Rhe1 Bxf5 21. gxf5 Rad8 22. a3 Nc6 23. Nd5 Qh6 24. Qxh6 gxh6 25. Rg1+ Kh8 26. Nf6 Nd4 27. Ne4 Ne2+ 28. Kb1 Nxg1 29. Rxg1 Rg8 30. Rxg8+ Kxg8 31. Nxc5 Rd5 32. Nxb7 Rxf5 33. Nd6 Rxf2 34. Nc4 Rf1+ 35. Ka2 Rf5 36. b4 axb4 37. axb4 Rf4 38. Kb3 Rh4 39. b5 Rxh3+ 40. c3 f5 41. b6 Rh1 42. b7 Rb1+ 43. Nb2 Kg7 44. b8=Q 1-0